 Dungeon Crawl Stone Soup version 0.19-a0-1238-gee6bd96 (webtiles) character file.

14960 junb69 the Thaumaturge (level 11, -4/94 HPs)
             Began as a Black Draconian Conjurer on Aug 25, 2016.
             Was a Priest of Vehumet.
             Slain by a griffon (8 damage)
             ... on level 3 of the Lair of Beasts on Aug 26, 2016.
             The game lasted 00:57:03 (19849 turns).

junb69 the Thaumaturge (Black Draconian Conjurer)  Turns: 19849, Time: 00:57:03

Health: -4/94      AC: 13    Str: 17    XL:     11   Next: 95%
Magic:  1/25       EV: 12    Int: 18    God:    Vehumet [***...]
Gold:   791        SH:  0    Dex: 11    Spells: 4 memorised, 16 levels left

rFire  . . .     SeeInvis .     x - +3 scimitar (flame)
rCold  + . .     Gourm    .     (armour unavailable)
rNeg   . . .     Faith    .     (no shield)
rPois  .         Spirit   .     (helmet restricted)
rElec  +         Dismiss  .     N - +0 cloak
rCorr  .         Reflect  .     G - +2 pair of gloves
MR     .....     Harm     .     p - +1 pair of boots
Stlth  ++........               (no amulet)
                                B - ring of Equrhuph {Wiz +Fly rElec}
                                k - +4 ring of slaying

@: mighty, very slightly contaminated, hasted, very quick
A: breathe lightning, unfitting armour, cold resistance 1, electricity
resistance, cold-blooded, AC +7
a: Breathe Lightning, Renounce Religion, Evoke Flight


You were on level 3 of the Lair of Beasts.
You worshipped Vehumet.
Vehumet was most pleased with you.
You were very hungry.

You visited 3 branches of the dungeon, and saw 13 of its levels.
You also visited: Bailey.

You collected 791 gold pieces.

Inventory:

Hand Weapons
 x - a +3 scimitar of flaming (weapon)
Missiles
 w - 7 throwing nets (quivered)
Armour
 p - a +1 pair of boots (worn)
 G - a +2 pair of gloves (worn)
 N - a +0 cloak (worn)
Jewellery
 i - a +2 ring of protection
 k - a +4 ring of slaying (left hand)
 B - the ring of Equrhuph (right hand) {Wiz +Fly rElec}
   (You found it on level 7 of the Dungeon)

   [ring of wizardry]

   It improves your spell success rate.
   It insulates you from electricity.
   It lets you fly.
 S - a cursed +4 ring of strength
Wands
 t - a wand of disintegration (14/24)
 u - a wand of flame (35/48)
 v - a wand of iceblast (7/15)
 D - a wand of flame (13/48)
 K - a wand of random effects (21/48)
 M - a wand of confusion (14/48)
 O - a wand of digging (8/24)
Scrolls
 f - a scroll of magic mapping {unknown}
 n - a scroll of fog
 z - 5 scrolls of remove curse
 A - a scroll of recharging
 F - a scroll of silence {unknown}
 H - a scroll of vulnerability {unknown}
 J - a scroll of noise
 L - 3 scrolls of teleportation
 P - a scroll of amnesia {unknown}
 Q - a scroll of fear {unknown}
 T - a scroll of enchant weapon {unknown}
Potions
 c - 3 potions of ambrosia
 e - a potion of flight
 g - a potion of haste
 j - 7 potions of curing
 l - a potion of agility
 o - 3 potions of brilliance
 q - a potion of might
 r - a potion of resistance
 I - a potion of invisibility {unknown}
Books
 a - a book of Conjurations

   Spells                             Type                      Level
   a - Magic Dart                     Conjuration                  1
   b - Searing Ray                    Conjuration                  2
   c - Dazzling Spray                 Conjuration/Hexes            3
   d - Fulminant Prism                Conjuration/Hexes            4
   e - Iskenderun's Mystic Blast      Conjuration                  4
   f - Iskenderun's Battlesphere      Conjuration/Charms           5
 y - a book of the Dragon

   Spells                             Type                      Level
   a - Flame Tongue                   Conjuration/Fire             1
   b - Cause Fear                     Hexes                        4
   c - Bolt of Fire                   Conjuration/Fire             6
   d - Dragon Form                    Transmutation                7
   e - Dragon's Call                  Summoning                    9
 C - a book of Ice

   Spells                             Type                      Level
   a - Ice Form                       Ice/Transmutation            4
   b - Metabolic Englaciation         Hexes/Ice                    5
   c - Ozocubu's Refrigeration        Ice                          6
   d - Bolt of Cold                   Conjuration/Ice              6
   e - Freezing Cloud                 Conjuration/Ice/Air          6
   f - Simulacrum                     Ice/Necromancy               6
 E - a book of Party Tricks

   Spells                             Type                      Level
   a - Summon Butterflies             Summoning                    1
   b - Apportation                    Translocation                1
   c - Tukima's Dance                 Hexes                        3
   d - Alistair's Intoxication        Transmutation/Poison         5
   e - Invisibility                   Hexes                        6
Comestibles
 b - 12 bread rations
 h - 12 meat rations
 m - a slice of pizza
 s - 3 beef jerkies
 R - a royal jelly
 U - 2 chunks of flesh


   Skills:
 * Level 7.8 Fighting
 - Level 4.0 Long Blades
 - Level 1.7 Dodging
 - Level 1.7 Stealth
 * Level 10.3 Spellcasting
 * Level 9.8 Conjurations
 - Level 6.7 Charms
 - Level 7.7 Fire Magic


You had 16 spell levels left.
You knew the following spells:

 Your Spells              Type           Power        Failure   Level  Hunger
a - Magic Dart            Conj           ####         1%          1    None
b - Searing Ray           Conj           #####.       1%          2    None
c - Iskenderun's Battles  Conj/Chrm      #####...     1%          5    #####..
d - Bolt of Fire          Conj/Fire      #####.....   4%          6    ######.


Dungeon Overview and Level Annotations

Branches:
Dungeon (9/15)             Temple (1/1) D:4            Lair (3/6) D:8
  Swamp: Lair:2-4    Shoals: Lair:2-4     Snake: Lair:2-4    Spider: Lair:2-4
    Orc: D:9-12

Altars:
Ashenzari
Cheibriados
Dithmenos
Elyvilon
Fedhas
Gozag
Hepliaklqana
Kikubaaqudgha
Makhleb
Nemelex Xobeh
Okawaru
Qazlal
Ru
Sif Muna
Trog
Uskayaw
Vehumet
Xom
Yredelemnul
Zin
The Shining One

Shops:
D:6 *!   D:7 (   D:8 (

Annotations:
D:7 exclusion: statue


Innate Abilities, Weirdness & Mutations

You can breathe wild blasts of lightning.
Your glossy black scales are hard. (AC +7)
Your body does not fit into most forms of armour.
You are resistant to electric shocks. (rElec)
You are cold-blooded and may be slowed by cold attacks.
Your flesh is cold resistant. (rC+)


Message History

* * * LOW HITPOINT WARNING * * *
The griffon barely misses you.
The griffon claws you but does no damage.
You hit the griffon. You burn the griffon. You tail-slap the griffon.
The griffon is almost dead.
The griffon bites you!
* * * LOW HITPOINT WARNING * * *
The griffon pecks you but does no damage.
The griffon claws you but does no damage.
You feel yourself speed up. The griffon bites you!
* * * LOW HITPOINT WARNING * * *
The griffon pecks you but does no damage.
The griffon closely misses you.
You are very lightly contaminated with residual magic.
You barely miss the griffon.
The griffon is almost dead.
The griffon barely misses you.
The griffon pecks you but does no damage.
The griffon claws you!
You die...

....##..##
#..>....#
##......#
##P##.##
###*.##
##†.# #†##
#H## #@.#
####


You could see a griffon and a friendly battlesphere.

Vanquished Creatures
  Erica (D:8)
  The ghost of Gruesome the Martial Artist, a novice OpMo of Cheibriados (D:9)
  A black mamba (Lair:3)
  A spiny frog (Lair:1)
  A komodo dragon (Lair:1)
  A two-headed ogre (D:9)
  Prince Ribbit (D:8)
  A merfolk (D:9)
  Grinder (D:3)
  5 blink frogs (Lair:3)
  Sigmund (D:2)
  A wyvern (D:8)
  14 yaks
  A hungry ghost (D:7)
  4 hippogriffs
  4 water moccasins (Lair:3)
  9 porcupines
  An orc warrior (D:7)
  A sky beast (D:8)
  3 ice beasts
  3 ogres
  3 phantoms
  A black bear (D:8)
  A necrophage (D:9)
  A wasp (D:8)
  An eye of draining (D:9)
  5 centaurs
  5 crocodiles (Lair:1)
  8 gnoll sergeants (Bailey)
  15 giant frogs
  19 killer bees
  3 scorpions
  A howler monkey (D:5)
  5 crimson imps
  A centaur zombie (D:8)
  A giant frog zombie (D:8)
  A jelly (D:5)
  A quasit (D:7)
  10 orc priests
  6 hounds
  7 gnoll shamans
  A giant frog skeleton (D:6)
  12 orc wizards
  9 worker ants
  6 iguanas
  A killer bee zombie (D:9)
  A hound zombie (D:7)
  3 worker ant zombies
  A howler monkey zombie (D:5)
  12 adders
  33 gnolls
  A howler monkey skeleton (D:7)
  3 river rats (D:4)
  3 shadow imps
  An ooze (D:1)
  3 worms
  3 dart slugs
  6 giant geckos
  39 orcs
  5 giant cockroaches
  6 goblins
  3 hobgoblins
  12 jackals
  5 quokkas
  2 ball pythons
  11 bats
  5 giant newts
  8 kobolds
  A quokka skeleton (D:4)
  4 rats
351 creatures vanquished.

Vanquished Creatures (others)
  A wizard (D:9)
  A fungus (Lair:3)
2 creatures vanquished.

Grand Total: 353 creatures vanquished

Notes
Turn   | Place    | Note
-------+----------+-------------------------------------------
     0 | D:1      | junb69 the Draconian Conjurer began the quest for the Orb.
     0 | D:1      | Reached XP level 1. HP: 14/14 MP: 3/3
   392 | D:1      | Reached XP level 2. HP: 20/20 MP: 1/5
   438 | D:1      | Learned a level 2 spell: Searing Ray
  1220 | D:2      | Found a faded altar of an unknown god.
  1235 | D:2      | Reached XP level 3. HP: 22/26 MP: 2/7
  1371 | D:2      | Noticed Sigmund
  1497 | D:2      | Found a deep blue altar of Sif Muna.
  1700 | D:3      | Reached skill level 3 in Spellcasting
  2712 | D:3      | Noticed Grinder
  2975 | D:3      | Found a sacrificial altar of Ru.
  2975 | D:3      | Found a hazy altar of Hepliaklqana.
  3122 | D:4      | Reached XP level 4. HP: 33/33 MP: 3/8
  3226 | D:4      | Found a staircase to the Ecumenical Temple.
  3234 | Temple   | Entered the Ecumenical Temple
  3235 | Temple   | Reached skill level 5 in Conjurations
  3565 | Temple   | Reached XP level 5. HP: 35/38 MP: 2/10
  3591 | Temple   | Learned a level 5 spell: Iskenderun's Battlesphere
  3657 | D:4      | Noticed an ogre
  3672 | D:4      | Killed an ogre
  3672 | D:4      | Reached skill level 1 in Charms
  3730 | D:4      | Found a glowing drain.
  3760 | D:4      | Reached XP level 6. HP: 26/45 MP: 1/11
  4848 | D:5      | Entered Level 5 of the Dungeon
  4876 | D:5      | Noticed an ice beast
  4885 | D:5      | Killed an ice beast
  5088 | D:5      | Your scales start taking on a glossy black colour.
  5088 | D:5      | Reached XP level 7. HP: 50/50 MP: 4/12
  5088 | D:5      | Gained mutation: You are resistant to electric shocks. (rElec) [Black Draconian growth]
  5306 | D:5      | Reached skill level 4 in Spellcasting
  5879 | D:5      | Reached XP level 8. HP: 57/57 MP: 12/14
  6262 | D:5      | Reached skill level 5 in Charms
  6518 | D:3      | Paralysed by Grinder for 4 turns
  6525 | D:3      | Killed Grinder
  6525 | D:3      | Reached skill level 5 in Spellcasting
  6720 | D:2      | Killed Sigmund
  7342 | D:6      | Reached skill level 6 in Spellcasting
  7469 | D:6      | Found Xiere's Distillery.
  8274 | D:6      | Found Gozag's Platinum Reserve.
  8274 | D:6      | Found an opulent altar of Gozag.
  8413 | D:6      | Reached XP level 9. HP: 41/62 MP: 11/19
  8858 | D:7      | Reached skill level 7 in Spellcasting
  9160 | D:7      | Found a flagged portal.
  9162 | D:7      | Found Afreidyura's Weapon Shoppe.
  9187 | Bailey   | Entered a bailey
 10151 | Bailey   | Reached skill level 8 in Spellcasting
 11660 | D:7      | Got a steaming iron ring
 11662 | D:7      | Identified the ring of Equrhuph {Wiz +Fly rElec} (You found it on level 7 of the Dungeon)
 11679 | D:7      | Learned a level 6 spell: Bolt of Fire
 11717 | D:7      | Reached XP level 10. HP: 65/69 MP: 12/22
 11722 | D:7      | Reached skill level 1 in Fire Magic
 12073 | D:7      | Found a radiant altar of Vehumet.
 12224 | D:7      | Became a worshipper of Vehumet
 12893 | D:8      | Found a radiant altar of Vehumet.
 12916 | D:8      | Reached skill level 9 in Spellcasting
 12921 | D:8      | Found Ceafoito's Weapon Boutique.
 13014 | D:8      | Noticed Prince Ribbit
 13027 | D:8      | Noticed Erica
 13249 | D:8      | Killed Prince Ribbit
 13833 | D:8      | Found a staircase to the Lair.
 14066 | D:8      | Killed Erica
 14066 | D:8      | Reached skill level 5 in Fire Magic
 14139 | D:8      | Reached * piety under Vehumet
 14139 | D:8      | Offered knowledge of Shock by Vehumet.
 14573 | D:9      | Found a sparkling altar of Nemelex Xobeh.
 14573 | D:9      | Found a burning altar of Makhleb.
 14574 | D:9      | Found a snail-covered altar of Cheibriados.
 14576 | D:9      | Found a white marble altar of Elyvilon.
 14576 | D:9      | Found a shattered altar of Ashenzari.
 14600 | D:9      | Found a glowing golden altar of the Shining One.
 14733 | D:9      | Found a hide-covered altar of Uskayaw.
 14815 | D:9      | Reached skill level 10 in Spellcasting
 15029 | D:9      | Reached skill level 1 in Fighting
 15153 | D:9      | Found a bloodstained altar of Trog.
 15702 | D:9      | Noticed Gruesome's ghost (novice OpMo)
 15709 | D:9      | Killed Gruesome's ghost
 15709 | D:9      | Reached XP level 11. HP: 76/80 MP: 16/25
 16129 | D:9      | Noticed a wizard
 16132 | D:9      | Killed a wizard
 16478 | D:9      | Offered knowledge of Sandblast by Vehumet.
 16532 | D:9      | Reached ** piety under Vehumet
 16560 | D:9      | Upgraded the game from 0.19-a0-1225-gf887c1c to 0.19-a0-1238-gee6bd96
 16598 | Lair:1   | Entered Level 1 of the Lair of Beasts
 17276 | Lair:1   | Reached skill level 5 in Fighting
 17276 | Lair:1   | Reached skill level 1 in Long Blades
 18477 | Lair:1   | Gained mutation: Your flesh is cold resistant. (rC+) [potion of beneficial mutation]
 18528 | Lair:2   | Offered knowledge of Inner Flame by Vehumet.
 19677 | Lair:3   | Reached *** piety under Vehumet
 19711 | Lair:3   | Noticed a griffon
 19848 | Lair:3   | HP: 4/94 [griffon (14)]
 19849 | Lair:3   | Slain by a griffon

Vault maps used:
D:1:      dpeg_arrival_rooms_c
D:2:      lemuel_blue_sif_altar, ecumenical_altar_2, uniq_sigmund
D:3:      gammafunk_temple_overflow_statue, uniq_grinder
D:4:      portal_sewer_entry_b, first_bread, kennysheep_cluttered_room
D:5:      st_stairs_11, minmay_misc_feat_pillars
D:6:      serial_shops, shop, nicolae_gozag_zags_fifth_avenue
D:7:      vehumet_statue, enter_bailey_3, serial_shops, shop
D:8:      lair_0_dummy, serial_shops, shop, basic_altar, uniq_erica,
          uniq_prince_ribbit1
D:9:      grunt_temple_overflow_open, hangedman_fish_farm, st_stairs_7,
          trog_wizard
Temple:   eino_wide_crystal_templ
Lair:1:   serial_bayou_ford_a, eino_small_chamber_without_monster
Lair:2:   beast_lair_carwin_1
Lair:3:   minmay_snake_entry_six_corridors, lightli_volcano_entry_magma_tube
Bailey:   bailey_polearm_gnolls_kennysheep, bailey

Skill      XL: |  1  2  3  4  5  6  7  8  9 10 11 |
---------------+----------------------------------+-----
Spellcasting   | 3 4 6 8 10 | 10.3
Conjurations   | 5 6 7 9 |  9.8
Charms         | 2 3 4 6 |  6.7
Fire Magic     | 6 7 |  7.7
Fighting       | 3 7 |  7.8
Long Blades    | 4 |  4.0
Dodging        | |  1.7
Stealth        | |  1.7

Action                   |  1- 3 |  4- 6 |  7- 9 | 10-12 || total
-------------------------+-------+-------+-------+-------++-------
Melee: Unarmed           |    14 |       |       |       ||    14
       Short sword       |    64 |    67 |   170 |    59 ||   360
       Tailslap          |     2 |    10 |    26 |    34 ||    72
       Scimitar          |       |       |       |   171 ||   171
Throw: Throwing net      |       |       |     2 |       ||     2
 Cast: Magic Dart        |    79 |    16 |   109 |   147 ||   351
       Searing Ray       |     5 |    19 |    61 |    34 ||   119
       Iskenderun's Batt |       |       |    16 |    36 ||    52
       Bolt of Fire      |       |       |       |     2 ||     2
 Abil: Breathe Lightning |       |       |       |     9 ||     9
  Use: Scroll            |     5 |     1 |     8 |    12 ||    26
       Potion            |       |     1 |     2 |     5 ||     8
 Stab: Held in net/web   |       |       |     2 |       ||     2
       Sleeping          |       |       |       |     2 ||     2
       Distracted        |       |       |       |     1 ||     1
  Eat: Chunk             |     7 |     7 |    21 |    25 ||    60
       Pizza             |       |       |     2 |     1 ||     3
       Fruit             |       |       |     2 |     3 ||     5
       Meat ration       |       |       |       |     1 ||     1
       Beef jerky        |       |       |       |     1 ||     1
Armor: Skin              |    49 |    47 |    92 |   121 ||   309
Dodge: Dodged            |    74 |    99 |   164 |   206 ||   543
